 Dungeon Crawl Stone Soup version 0.29.1-12-g30fa7ad0bf (webtiles) character file.

Game seed: 4753820045513734950

101 hawla the Chiller (level 5, -1/38 HPs)
             Began as a Meteoran Ice Elementalist on Dec 12, 2022.
             Slain by an ice beast (11 damage)
             ... on level 4 of the Dungeon.
             The game lasted 00:04:14 (797 turns).

hawla the Chiller (Meteoran Ice Elementalist)        Turns: 797, Time: 00:04:15

Health: -1/38      AC:  2    Str:  9    XL:     5   Next: 26%
Magic:  5/12       EV: 12    Int: 19    God:
Gold:   143        SH:  0    Dex: 14    Spells: 4/12 levels left

rFire   . . .      SeeInvis .   (no weapon)
rCold   . . .      Faith    .   (no shield)
rNeg    . . .      Spirit   .   a - +0 robe
rPois   .          Reflect  .   (no helmet)
rElec   .          Harm     .   (no cloak)
rCorr   .          Rampage  .   (no gloves)
Will    .....                   (no boots)
Stlth   +.........              (no amulet)
HPRegen 0.12/turn               (no ring)
MPRegen 0.13/turn               (no ring)

@: mighty, very slightly contaminated, glowing
A: sense surroundings 1, otherworldly, glowing, explore regen
a: no special abilities


You were on level 4 of the Dungeon.
You visited 1 branch of the dungeon, and saw 4 of its levels.

You collected 143 gold pieces.

Inventory:

Missiles
 g - a throwing net
Armour
 a - a +0 robe (worn)
Scrolls
 f - a scroll of identify {unknown}
 h - 3 scrolls of teleportation {unknown}
Potions
 b - a potion of magic
 c - a potion of might
 e - 3 potions of berserk rage {unknown}


   Skills:
 - Level 0.1 Fighting
 - Level 2.5 Dodging
 - Level 1.4 Stealth
 - Level 4.0 Spellcasting
 + Level 2.5 Conjurations
 - Level 5.2 Ice Magic


You had 4 spell levels left.
You knew the following spells:

 Your Spells              Type           Power      Damage    Failure   Level
a - Freeze                Ice            92%        1d10      1%          1
b - Frozen Ramparts       Ice            46%        1d7       4%          3
c - Hailstorm             Conj/Ice       18%        3d6       28%         4

Your spell library contained the following spells:

 Spells                   Type           Power      Damage    Failure   Level
 Ozocubu's Armour         Ice            23%        N/A       4%          3
 Sublimation of Blood     Necr           3%         N/A       21%         2
 Petrify                  Tmut/Erth      3%         N/A       80%         4
 Irradiate                Conj/Tmut      4%         3d13      92%         5


Dungeon Overview and Level Annotations

Branches:
Dungeon (4/15) Zot: 1600
 Temple: D:4-7

Altars:

Annotations:
D:3 2 runed translucent doors, lotum's ghost, amateur DsAK


Innate Abilities, Weirdness & Mutations

You passively map a small area around you.
You are easily found by Zot.
You glow in the dark.
You regain HP and MP as you explore.


Message History

There is a stone staircase leading up here.
A goblin comes into view. It is wielding a +0 dagger.
The goblin shouts!
Casting: Freeze (safe; 1% risk of failure)
Confirm with . or Enter, or press ? or * to list all spells.
Aiming: Freeze (safe; 1% risk of failure)
Press: ? - help, Shift-Dir - straight line, f - goblin
Aim: a goblin, wielding a +0 dagger You freeze the goblin!
You kill the goblin!
You see here a +0 dagger.
An ice beast comes into view.
Casting: Freeze (safe; 1% risk of failure)
Confirm with . or Enter, or press ? or * to list all spells.
The spell is extremely dangerous to miscast (28% risk of failure)!
Continue anyway?
Casting: Hailstorm (extremely dangerous; 28% risk of failure)
Press: ? - help, Dir - look around, f - activate You miscast Hailstorm.
You are very lightly contaminated with residual magic.
Your hands feel numb with cold!
Casting: Hailstorm (extremely dangerous; 28% risk of failure)
Confirm with . or Enter, or press ? or * to list all spells.
The spell is extremely dangerous to miscast (28% risk of failure)!
Continue anyway?
Casting: Hailstorm (extremely dangerous; 28% risk of failure)
Press: ? - help, Dir - look around, f - activate A cannonade of hail descends around you!
The hail pelts the ice beast.
The ice beast partially resists.
The ice beast is lightly wounded.
Unknown command.
The ice beast hits you. The ice beast freezes you!
You see here a +0 dagger.
The ice beast attacks as you move away! The ice beast misses you.
It was a potion of might.
You feel very mighty all of a sudden. The ice beast hits you.
The ice beast freezes you!
* * * LOW HITPOINT WARNING * * *
It was a potion of curing.
You feel better. The ice beast hits you.
* * * LOW HITPOINT WARNING * * *
The ice beast freezes you!
You die...

## * ..###.# ##....
##..# #.# ##### #
....##.##.# #
#..##.....#.# # #..
#*##..#.########
##.#.###.#.#.........
##...#...#.........###
#..#..###......###.#
#.###@<........# #.#
#..#Y.###.....## #.#
##.).## ##.>.## #.#
##### ##.## #.# #.#
#.# #.# #.# #.# #.#
##.## #.# #...# ##.##


You could see an ice beast.

Vanquished Creatures
  An orc priest (D:3)
  An iguana (D:4)
  An ufetubus (D:3)
  A worm (D:3)
  4 orcs
  2 endoplasms (D:2)
  3 giant cockroaches
  4 goblins
  2 hobgoblins (D:2)
  A jackal (D:3)
  2 kobolds
  4 ball pythons
  A bat (D:2)
  A frilled lizard (D:3)
  7 rats
35 creatures vanquished.

Notes
Turn   | Place    | Note
-------+----------+-------------------------------------------
     0 | D:1      | hawla the Meteoran Ice Elementalist began the quest for the
                  | Orb.
     0 | D:1      | Reached XP level 1. HP: 14/14 MP: 5/5
    46 | D:2      | Reached XP level 2. HP: 20/20 MP: 4/6
   274 | D:2      | Reached XP level 3. HP: 26/26 MP: 6/8
   278 | D:2      | Learned a level 3 spell: Frozen Ramparts
   345 | D:3      | Reached skill level 5 in Ice Magic
   345 | D:3      | Reached XP level 4. HP: 24/33 MP: 2/11
   350 | D:3      | Learned a level 4 spell: Hailstorm
   396 | D:3      | Found a runed translucent door.
   429 | D:3      | Reached skill level 1 in Conjurations
   451 | D:3      | Noticed lotum's ghost (amateur DsAK)
   473 | D:3      | Found a runed translucent door.
   539 | D:4      | Reached XP level 5. HP: 30/38 MP: 7/12
   789 | D:4      | Noticed an ice beast
   797 | D:4      | Slain by an ice beast

Illustrated notes

Levels and vault maps discovered:
D:1:      psy_arrival_statuary, layout_basic,
          hellmonk_ecumenical_altar_slurped_away
D:2:      layout_rooms, chequers_serial_rivers_small_b,
          chequers_serial_rivers_small_b, minmay_misc_feat_rows,
          minmay_misc_feat_five, minmay_rat_gold_closets
D:3:      layout_rooms, mainiacjoe_overflow_24_doors, ebering_ghost_sewer_f,
          st_stairs_1, mrwooster_statue_mirror, minmay_circle_x
D:4:      layout_loops_ring, hangedman_glass_teeth

Skill      XL: |  1  2  3  4 |
---------------+-------------+-----
Spellcasting   | 3 4 |  4.0
Ice Magic      | 5 |  5.2
Conjurations   | 2 |  2.5
Fighting       | |  0.1
Dodging        | |  2.5
Stealth        | |  1.4

Action                   |  1- 3 |  4- 6 || total
-------------------------+-------+-------++-------
Melee: Unarmed           |     1 |     1 ||     2
 Cast: Freeze            |    25 |    18 ||    43
       Frozen Ramparts   |     2 |     3 ||     5
       Hailstorm         |       |     1 ||     1
  Use: Scroll            |       |     1 ||     1
       Potion            |       |     2 ||     2
Armor: Robe              |     8 |     1 ||     9
Dodge: Dodged            |    11 |    10 ||    21
